 Dungeon Crawl Stone Soup version 0.26-a0-835-g8259106e14 (webtiles) character file.

Game seed: 3608120043883823638

3828 RaHiT the Covert (level 10, -19/68 HPs)
             Began as an Octopode Delver on Nov 17, 2020.
             Was a Follower of Cheibriados.
             Demolished by a two-headed ogre
             ... wielding a +0 giant spiked club
              (24 damage)
             ... on level 9 of the Dungeon.
             The game lasted 00:51:09 (11437 turns).

RaHiT the Covert (Octopode Delver)                 Turns: 11437, Time: 00:51:10

Health: -19/68     AC:  1    Str: 14    XL:     10   Next: 17%
Magic:  14/14      EV: 19    Int: 19    God:    Cheibriados [*.....]
Gold:   401        SH: 14    Dex: 25    Spells: 15/15 levels left

rFire    . . .     SeeInvis .     - Unarmed
rCold    . . .     Faith    .   c - +2 buckler
rNeg     + . .     Spirit   .   (helmet restricted)
rPois    +         Reflect  +   l - amulet of reflection
rElec    .         Harm     .   b - ring of positive energy
rCorr    .         Rampage  .   C - ring of poison resistance
MR       +....     Rnd*Rage +   D - +6 ring of dexterity
Stlth    ++++++....             (no ring)
HPRegen  0.21/turn              (no ring)
MPRegen  0.14/turn              (no ring)
                                (no ring)
                                (no ring)

@: very slow
A: almost no armour, stealthy swim, amphibious, 8 rings, constrict 8, camouflage
1, agile 1, berserk 1, magic resistance 1, gelatinous body 1, MP-powered wands
a: Bend Time, Renounce Religion


You were on level 9 of the Dungeon.
You worshipped Cheibriados.
Cheibriados was aware of your devotion.
You visited 2 branches of the dungeon, and saw 10 of its levels.

You collected 491 gold pieces.
You spent 90 gold pieces at shops.

Inventory:

Missiles
 g - 369 stones
 j - 116 sling bullets
 k - 78 bolts
 m - 24 poisoned darts (quivered)
 p - 88 arrows
 t - 4 curare-tipped darts
 x - a boomerang
Armour
 c - a +2 buckler (worn)
Jewellery
 b - a ring of positive energy (left tentacle)
 l - an amulet of reflection (around mantle)
 C - a ring of poison resistance (right tentacle)
 D - a +6 ring of dexterity (on tentacle)
Wands
 e - a wand of digging (3)
 y - a wand of iceblast (9)
Scrolls
 a - 5 scrolls of fog
 d - 3 scrolls of teleportation
 i - 4 scrolls of magic mapping
 o - 3 scrolls of blinking
 q - 2 scrolls of remove curse
 s - 2 scrolls of amnesia
 w - 7 scrolls of enchant armour
Potions
 f - a potion of ambrosia
 h - a potion of cancellation
 n - 6 potions of curing
 r - 4 potions of lignification
 u - 2 potions of attraction
 v - 2 potions of might {unknown}
 z - a potion of heal wounds {unknown}
 A - 2 potions of invisibility {unknown}
 B - a potion of flight {unknown}


   Skills:
 - Level 6.0 Fighting
 * Level 6.2 Throwing
 - Level 6.0 Dodging
 - Level 10.0 Stealth
 - Level 5.0 Shields
 - Level 6.0 Unarmed Combat
 - Level 3.0 Spellcasting
 + Level 2.5 Evocations


You had 15 spell levels left.
You didn't know any spells.
Your spell library contained the following spells:

 Spells                   Type           Power        Failure   Level
 Freeze                   Ice            #...         16%         1
 Frozen Ramparts          Ice            #.....       41%         3
 Ozocubu's Armour         Ice            #.......     41%         3
 Hailstorm                Conj/Ice       #.......     83%         4
 Summon Ice Beast         Ice/Summ       #.......     83%         4


Dungeon Overview and Level Annotations

Branches:
Dungeon (9/15)             Temple (1/1) D:6            Lair (0/6) D:9
    Orc: D:9-12

Altars:
Ashenzari
Cheibriados
Dithmenos
Elyvilon
Fedhas
Gozag
Hepliaklqana
Kikubaaqudgha
Makhleb
Nemelex Xobeh
Okawaru
Qazlal
Ru
Sif Muna
Trog
Uskayaw
Vehumet
Wu Jian
Xom
Yredelemnul
Zin
The Shining One

Shops:
D:5 ?   D:9 *=:

Annotations:
D:5 2 runed translucent doors


Innate Abilities, Weirdness & Mutations

You cannot wear most types of armour.
You are very stealthy in the water. (Stealth+)
You are amphibious.
You can wear up to eight rings at the same time.
You can use your tentacles to constrict eight enemies at once.
Your skin changes colour to match your surroundings (Stealth+).
Your rubbery body absorbs attacks. (AC +1, EV +1)
You are agile. (Dex +2)
You tend to lose your temper in combat.
You are resistant to hostile enchantments. (MR+)
You expend magic power (3 MP) to strengthen your wands.


Message History

You bludgeon the two-headed ogre!
The two-headed ogre is heavily wounded.
You tentacle-slap the two-headed ogre.
The two-headed ogre is heavily wounded.
The two-headed ogre hits you with a +0 giant spiked club!
The two-headed ogre hits you with a +0 dire flail!!
* * * LOW HITPOINT WARNING * * *
You barely miss the two-headed ogre. You squeeze the two-headed ogre!
The two-headed ogre is severely wounded.
The two-headed ogre misses you. You block the two-headed ogre's attack.
You barely miss the two-headed ogre. You squeeze the two-headed ogre!
The two-headed ogre is almost dead.
You tentacle-slap the two-headed ogre.
Your squeeze misses the two-headed ogre.
The two-headed ogre is almost dead.
You block the two-headed ogre's attack. x2
You tentacle-slap the two-headed ogre but do no damage.
The two-headed ogre is almost dead.
The two-headed ogre hits you with a +0 giant spiked club!!
You die...

#. # #. .# #.### .# ...#.. .
#..#g ##.......... ...z... ...
#... #.#.........
zz...#..###..#..### #.#........
..S..##...#....O#.# #..........
...... #.#.####@.# #..........
.....## #...##.#.## #..........
......###..#..#...#####..........
........#.###..#.###.........)...
.......#.#...#...................
......................)..........
.................................
..........................#......
........................######...


You could see a two-headed ogre.

Vanquished Creatures
  3 orc warriors
  A hornet zombie (D:7)
  3 ice beasts
  A black bear (D:8)
  An eye of draining (D:8)
  11 ogres
  A centaur (D:9)
  A big kobold (D:9)
  4 bullfrogs
  A gnoll sergeant (D:9)
  A water moccasin zombie (D:9)
  3 scorpions
  4 killer bees (D:5)
  3 howler monkeys
  A bullfrog zombie (D:9)
  A centaur zombie (D:6)
  2 hounds
  4 jellies
  A quasit (D:8)
  4 bullfrog skeletons
  3 orc priests
  3 orc wizards
  Crazy Yiuf (D:7)
  An iguana (D:9)
  8 worker ants
  2 worker ant zombies
  2 howler monkey skeletons
  4 adders
  8 gnolls
  3 shadow imps
  3 white imps
  An ufetubus (D:5)
  An ooze (D:1)
  A spectral adder (D:9)
  An adder zombie (D:9)
  An adder skeleton (D:6)
  2 worms
  4 dart slugs
  3 leopard geckos
  18 orcs
  A ball python (D:1)
  4 bats
  3 giant cockroaches
  6 goblins
  9 hobgoblins
  13 jackals
  8 kobolds
  11 quokkas
  10 frilled lizards
  A leopard gecko zombie (D:5)
  7 rats
194 creatures vanquished.

Vanquished Creatures (others)
  2 plants (D:2)
2 creatures vanquished.

Grand Total: 196 creatures vanquished

Notes
Turn   | Place    | Note
-------+----------+-------------------------------------------
     0 | D:5      | RaHiT the Octopode Delver began the quest for the Orb.
     0 | D:5      | Reached XP level 1. HP: 16/16 MP: 1/1
   125 | D:5      | Noticed a killer bee
   125 | D:5      | Noticed a killer bee
   166 | D:5      | Noticed a killer bee
   182 | D:5      | Found an opulent altar of Gozag.
   182 | D:5      | Found a bloodstained altar of Trog.
   187 | D:5      | Found a faded altar of an unknown god.
   189 | D:5      | Found a hazy altar of Hepliaklqana.
   190 | D:5      | Found a faded altar of an unknown god.
   217 | D:5      | Noticed an ogre
   233 | D:4      | Noticed a worker ant
   236 | D:4      | Noticed a bullfrog
   254 | D:4      | Noticed an orc wizard
   257 | D:4      | Noticed an orc wizard
   258 | D:4      | Noticed an orc priest
   476 | D:3      | Reached skill level 7 in Stealth
   614 | D:3      | Found a sacrificial altar of Ru.
   720 | D:2      | Reached XP level 2. HP: 21/21 MP: 2/2
  1169 | D:1      | Reached XP level 3. HP: 23/26 MP: 4/4
  1304 | D:1      | Reached skill level 1 in Spellcasting
  2183 | D:2      | Reached XP level 4. HP: 21/31 MP: 4/6
  2879 | D:3      | Reached skill level 1 in Throwing
  2972 | D:3      | Reached XP level 5. HP: 30/36 MP: 7/7
  3519 | D:4      | Noticed an ogre
  3549 | D:3      | Killed an ogre
  3550 | D:3      | Reached skill level 1 in Shields
  3550 | D:3      | Reached XP level 6. HP: 14/42 MP: 9/9
  3833 | D:4      | Reached skill level 5 in Unarmed Combat
  3950 | D:3      | Reached XP level 7. HP: 36/46 MP: 11/11
  4634 | D:4      | You fall into a shaft and drop 1 floor!
  5413 | D:5      | Reached XP level 8. HP: 52/52 MP: 12/12
  5460 | D:5      | Reached skill level 5 in Shields
  5855 | D:5      | Reached skill level 8 in Stealth
  5879 | D:5      | HP: 2/52 [poisoned by a killer bee]
  5887 | D:5      | HP: 2/52 [poisoned by a killer bee]
  6189 | D:5      | Found Xeanet's Magic Scroll Shoppe.
  6201 | D:5      | Bought a scroll of identify for 20 gold pieces
  6201 | D:5      | Bought a scroll of identify for 20 gold pieces
  6201 | D:5      | Bought a scroll of identify for 20 gold pieces
  6201 | D:5      | Bought a scroll of teleportation for 30 gold pieces
  6205 | D:5      | Gained mutation: You expend magic power (3 MP) to
                  | strengthen your wands. [potion of mutation]
  6205 | D:5      | Gained mutation: You are resistant to hostile enchantments.
                  | (MR+) [potion of mutation]
  6205 | D:5      | Gained mutation: You tend to lose your temper in combat.
                  | [potion of mutation]
  6205 | D:5      | Gained mutation: You are agile. (Dex +2) [potion of
                  | mutation]
  6408 | D:5      | Found a runed translucent door.
  6409 | D:5      | Found a runed translucent door.
  7262 | D:6      | Reached skill level 9 in Stealth
  7305 | D:6      | Found a staircase to the Ecumenical Temple.
  7321 | Temple   | Entered the Ecumenical Temple
  7453 | Temple   | Became a worshipper of Cheibriados the Contemplative
  7762 | D:6      | Reached skill level 5 in Dodging
  7972 | D:6      | Reached XP level 9. HP: 56/56 MP: 13/13
  8273 | D:6      | Reached skill level 10 in Stealth
  9084 | D:7      | Found a basalt altar of Yredelemnul.
  9133 | D:7      | Found a blossoming altar of Fedhas.
  9190 | D:7      | Found a shimmering blue altar of Sif Muna.
  9196 | D:7      | Reached * piety under Cheibriados
  9588 | D:7      | Reached skill level 5 in Fighting
  9670 | D:7      | Found a runed translucent door.
  9671 | D:7      | Noticed Crazy Yiuf
  9677 | D:7      | Killed Crazy Yiuf
  9710 | D:8      | Noticed a two-headed ogre
  9733 | D:8      | Found a stormy altar of Qazlal.
 10782 | D:9      | Found Aseexet's General Store.
 10797 | D:9      | Reached skill level 5 in Throwing
 10797 | D:9      | Reached XP level 10. HP: 46/68 MP: 14/14
 10953 | D:9      | Reached skill level 1 in Evocations
 11001 | D:9      | Reached ** piety under Cheibriados
 11114 | D:9      | Found Fuvenodo's Jewellery Boutique.
 11151 | D:9      | Found Ciheidiwk's Book Emporium.
 11300 | D:9      | Found a staircase to the Lair.
 11428 | D:9      | Noticed a two-headed ogre
 11437 | D:9      | Demolished by a two-headed ogre

Illustrated notes

Levels and vault maps discovered:
D:1:      roderic_chinese_lattice_arrival, layout_loops_ring
D:2:      wad_woods_tower, layout_basic
D:3:      layout_basic, nicolae_overflow_hidden_temple, corexii_shack
D:4:      layout_rooms
D:5:      lemuel_insect_pit, layout_basic, chequers_temple_overflow_minitemple,
          serial_shops, kennysheep_mini_moat
D:6:      layout_layer_cave, minmay_temple_entry_junction,
          chequers_serial_rivers_room_a
D:7:      layout_cave_pools, led_sif_pool, yredelemnul_altar_generic,
          fedhas_altar_1, uniq_crazy_yiuf_cottage
D:8:      layout_basic, hangedman_decor_diamond_cutter,
          nicolae_qazlal_general_emergency
D:9:      layout_big_octagon, lair_entry_dummy, serial_shops, kennysheep_mini,
          nicolae_shop_crystal, kennysheep_little_box, hangedman_weighted_door,
          hangedman_decor_points
Temple:   nicolae_temple_elliptical

Skill      XL: |  1  2  3  4  5  6  7  8  9 10 |
---------------+-------------------------------+-----
Stealth        | 7 9 10 | 10.0
Spellcasting   | 1 2 3 |  3.0
Unarmed Combat | 3 4 5 6 |  6.0
Throwing       | 1 5 6 |  6.2
Shields        | 1 2 4 5 |  5.0
Dodging        | 5 6 |  6.0
Fighting       | 6 |  6.0
Evocations     | 2 |  2.5

Action                   |  1- 3 |  4- 6 |  7- 9 | 10-12 || total
-------------------------+-------+-------+-------+-------++-------
Melee: Unarmed           |    89 |    83 |   316 |    69 ||   557
       Constrict         |    24 |    23 |    65 |    12 ||   124
       Tentacles         |    16 |    16 |    67 |    27 ||   126
       Punch             |     1 |       |    22 |     6 ||    29
Throw: Stone             |     1 |     5 |    36 |       ||    42
       Dart              |       |    33 |    73 |    10 ||   116
       Boomerang         |       |       |    53 |     6 ||    59
  Use: Scroll            |     2 |     2 |    15 |     1 ||    20
       Potion            |     1 |       |     1 |       ||     2
 Stab: Sleeping          |    18 |     4 |     7 |     6 ||    35
       Distracted        |       |       |     1 |       ||     1
Armor: Skin              |    10 |     3 |     4 |       ||    17
Dodge: Dodged            |    21 |    44 |   159 |    20 ||   244
Block: Buckler           |       |       |    69 |    34 ||   103
       Reflection        |       |       |       |     4 ||     4

Table legend: (Time is in decaauts)
 A = Elapsed time spent in this place.
 B = Non-inter-level travel time spent in this place.
 C = Inter-level travel time spent in this place.
 D = Time resting spent in this place.
 E = Time spent auto-exploring this place.
 F = Levels seen in this place.
 G = Mean time per level.
                   A        B        C        D        E       F      G
               +--------+--------+--------+--------+--------+-----+--------+
         Total |  12295 |  11962 |    333 |   3534 |   2594 |  10 | 1229.5 |
       Dungeon |  12135 |  11844 |    291 |   3534 |   2478 |   9 | 1348.3 |
        Temple |    160 |    119 |     41 |      0 |    116 |   1 |  160.0 |
               +--------+--------+--------+--------+--------+-----+--------+

Top non-repeatable levels by time:
     D:6: 2344 daAuts
     D:5: 1843 daAuts
     D:3: 1547 daAuts
     D:2: 1434 daAuts
     D:8: 1301 daAuts
     D:4: 1109 daAuts
     D:7: 998 daAuts
     D:9: 834 daAuts
     D:1: 722 daAuts
  Temple: 160 daAuts
